 Dungeon Crawl Stone Soup version 0.18-a0-1418-ga86aa8f (webtiles) character file.

332 Foomius the Grave Robber (level 6, -2/50 HPs)
             Began as a Demonspawn Necromancer on Feb 26, 2016.
             Was an Initiate of Okawaru.
             Killed from afar by Dowan (15 damage)
             ... with a shard of ice
             ... on level 4 of the Dungeon.
             The game lasted 00:12:44 (3741 turns).

Foomius the Grave Robber (Demonspawn Necromancer)   Turns: 3741, Time: 00:12:45

Health: -2/50      AC:  7    Str: 11    XL:     6   Next: 26%
Magic:  1/10       EV: 12    Int: 19    God:    Okawaru [......]
Gold:   192        SH:  0    Dex: 11    Spells: 4 memorised, 3 levels left

rFire  . . .     SeeInvis .     j - +0 whip
rCold  . . .     Gourm    .     a - +0 robe
rNeg   . . .     Faith    .     (no shield)
rPois  .         Spirit   .     o - +0 helmet
rElec  .         Dismiss  .     l - +0 cloak (curse)
rCorr  .         Reflect  .     (no gloves)
SustAt .         Harm     .     (no boots)
MR     +....                    (no amulet)
Stlth  ++........               (no ring)
                                p - ring of flight

@: mighty, somewhat resistant to hostile enchantments, unstealthy
A: claws 1, yellow scales 2, clumsy 1, magic resistance 1, weak 1, rot immunity
a: Renounce Religion, Evoke Flight


You were on level 4 of the Dungeon.
You worshipped Okawaru.
Okawaru was noncommittal.
You were not hungry.

You visited 1 branch of the dungeon, and saw 4 of its levels.

You collected 192 gold pieces.

Inventory:

Hand Weapons
 j - a +0 whip (weapon)
Missiles
 d - 146 stones (quivered)
Armour
 a - a +0 robe (worn)
 l - a cursed +0 cloak (worn)
 o - a +0 helmet (worn)
Jewellery
 p - a ring of flight (left claw)
Scrolls
 e - 3 scrolls of teleportation {unknown}
 g - 2 scrolls of identify {unknown}
 h - a scroll of fear {unknown}
 i - a scroll of random uselessness {unknown}
 k - a scroll of noise {unknown}
 m - 3 scrolls of remove curse {unknown}
 q - a scroll of fog {unknown}
 t - a scroll of magic mapping {unknown}
 u - 2 scrolls of recharging {unknown}
Potions
 s - a potion of lignification {unknown}
 x - a potion of resistance {unknown}
Books
 b - a book of Necromancy

   Spells                             Type                      Level
   a - Pain                           Necromancy                   1
   b - Animate Skeleton               Necromancy                   1
   c - Vampiric Draining              Necromancy                   3
   d - Regeneration                   Charms/Necromancy            3
   e - Animate Dead                   Necromancy                   4
   f - Control Undead                 Necromancy                   4
Comestibles
 c - 3 bread rations
 n - 4 meat rations
 v - a beef jerky
 w - 6 fruits
 z - a chunk of flesh


   Skills:
 + Level 4.8 Fighting
 - Level 1.7 Dodging
 - Level 1.7 Stealth
 - Level 3.0 Spellcasting
 + Level 5.5 Necromancy


You had 3 spell levels left.
You knew the following spells:

 Your Spells              Type           Power        Failure   Level  Hunger
a - Pain                  Necr           ###.         1%          1    None
b - Animate Skeleton      Necr           N/A          1%          1    None
g - Regeneration          Chrm/Necr      ##........   14%         3    ###....
v - Vampiric Draining     Necr           ###.......   6%          3    ###....


Dungeon Overview and Level Annotations

Branches:
Dungeon (4/15)             Temple (0/1) D:4

Altars:
Okawaru
Qazlal
The Shining One

Annotations:
D:4 Dowan


Innate Abilities, Weirdness & Mutations

You have sharp fingernails.
You are mostly covered in yellow scales (AC +3).
You are immune to rotting.
You are clumsy. (Dex -2)
You are resistant to hostile enchantments.
You are weak. (Str -2)


Message History

Drink which item? (? for menu, Esc to quit)
It was a potion of might.
You feel very mighty all of a sudden. Duvessa closely misses you.
Dowan barely misses you. Duvessa barely misses you.
Dowan gestures wildly while chanting.
Dowan blinks!
You whack Duvessa!
You kill Duvessa!
Okawaru accepts your kill.
Dowan's eyes darken. "You have made a black mistake."
Dowan seems to find hidden reserves of power!
You have reached level 6!
Your experience leads to an increase in your attributes!
Your base attributes are Str 8, Int 18, Dex 13.
Increase (S)trength, (I)ntelligence, or (D)exterity?
You feel clever.
Dowan breathes, "And she was my only..."
Dowan points at you and mumbles some strange words.
The shard of ice hits you!
You die...

#......(...# #.....
#...!.....## #...####
#......##.####...##..
#........e.....$.##.. ..
##....#.#............
.%#####...##.#.##.#....#..
........e.................
###.....<....####e..###...
........)@....# #.⌠.# #...
##...#.#...#####.$.###...
.#....%#...##..........##
#.....#.#####..⌠..>..⌠..#
#.#...#.#####...........#
#.#.......§.###...#####
#.#####.....# #.⌠.# .
#.....# #!..# .
#........####


You could see Dowan.

Vanquished Creatures
  Duvessa (D:4)
  A worker ant (D:4)
  Robin (D:3)
  A gnoll (D:3)
  9 adders
  An ooze (D:1)
  2 worms
  2 dart slugs (D:2)
  3 giant geckos
  3 orcs (D:3)
  9 bats
  2 giant cockroaches (D:2)
  6 hobgoblins
  7 jackals
  7 kobolds
  A ball python (D:4)
  6 giant newts
  19 goblins
  5 rats
  A plant (D:1)
87 creatures vanquished.

Vanquished Creatures (collateral kills)
  A howler monkey skeleton (D:4)
  A dart slug (D:3)
  A kobold (D:3)
3 creatures vanquished.

Grand Total: 90 creatures vanquished

Notes
Turn   | Place    | Note
--------------------------------------------------------------
     0 | D:1      | Foomius the Demonspawn Necromancer began the quest for the Orb.
     0 | D:1      | Reached XP level 1. HP: 13/13 MP: 3/3
   114 | D:1      | Reached skill level 1 in Fighting
   327 | D:1      | Gained mutation: You have sharp fingernails. [demonic ancestry]
   327 | D:1      | Reached XP level 2. HP: 21/21 MP: 3/5
   677 | D:1      | Gained mutation: You are immune to rotting. [demonic ancestry]
   677 | D:1      | Reached XP level 3. HP: 14/28 MP: 2/6
   682 | D:1      | Learned a level 3 spell: Vampiric Draining
  1577 | D:2      | Found a glowing golden altar of the Shining One.
  1618 | D:2      | Gained mutation: You are partially covered in yellow scales (AC +2). [demonic ancestry]
  1618 | D:2      | Reached XP level 4. HP: 20/35 MP: 0/7
  1823 | D:2      | Learned a level 3 spell: Regeneration
  2130 | D:2      | Learned a level 1 spell: Animate Skeleton
  2560 | D:3      | Gained mutation: You are mostly covered in yellow scales (AC +3). [demonic ancestry]
  2560 | D:3      | Reached XP level 5. HP: 26/42 MP: 2/9
  2563 | D:3      | Found an iron altar of Okawaru.
  2627 | D:3      | Became a worshipper of Warmaster Okawaru
  2868 | D:3      | Found a stormy altar of Qazlal.
  2966 | D:3      | Noticed Robin
  3012 | D:3      | Killed Robin
  3547 | D:4      | Reached skill level 5 in Necromancy
  3667 | D:4      | Found a staircase to the Ecumenical Temple.
  3685 | D:4      | Noticed Duvessa
  3685 | D:4      | Noticed Dowan
  3738 | D:4      | Gained mutation: You are resistant to hostile enchantments. [potion of mutation]
  3738 | D:4      | Gained mutation: You are weak. (Str -2) [potion of mutation]
  3738 | D:4      | Gained mutation: You are clumsy. (Dex -2) [potion of mutation]
  3741 | D:4      | Killed Duvessa
  3741 | D:4      | Reached XP level 6. HP: 13/50 MP: 1/10
  3741 | D:4      | Killed from afar by Dowan

Vault maps used:
D:1:      mushboom_english_gardens, serial_forest, infiniplex_forest_lined_2,
          infiniplex_forest_lined_3, infiniplex_forest_clump_small,
          infiniplex_forest_straight_3
D:2:      nicolae_tso_carved_into_rock, first_bread, minmay_misc_feat_rows
D:3:      okawaru_altar_gauntlet_db, nicolae_qazlal_eye_of_the_storm,
          kennysheep_minor_cross, uniq_robin
D:4:      lemuel_round_altar, yredelemnul_forgotten_temple_becter,
          minmay_temple_entry_junction, lightli_ossuary_entry_decrepit_ruins,
          uniq_duvessa

Skill      XL: |  1  2  3  4  5 |
---------------+----------------+-----
Fighting       | 1 2 3 4 |  4.8
Spellcasting   | 3 |  3.0
Necromancy     | 5 |  5.5
Dodging        | |  1.7
Stealth        | |  1.7

Action                   |  1- 3 |  4- 6 || total
-------------------------+-------+-------++-------
Melee: Club              |     7 |       ||     7
       Whip              |   180 |   142 ||   322
Throw: Stone             |     1 |     1 ||     2
 Cast: Pain              |    39 |    56 ||    95
       Animate Skeleton  |       |    20 ||    20
       Vampiric Draining |       |    11 ||    11
  Use: Potion            |       |     2 ||     2
 Stab: Sleeping          |     1 |     1 ||     2
  Eat: Chunk             |     2 |     9 ||    11
